 Dungeon Crawl Stone Soup version 0.23.1 (webtiles) character file.

Game seed: 16925689114014177202

34 Kairos the Sneak (level 3, 0/18 HPs)
             Began as a Vine Stalker Assassin on Mar 19, 2019.
             Succumbed to an adder's poison
             ... on level 2 of the Dungeon.
             The game lasted 00:00:56 (551 turns).

Kairos the Sneak (Vine Stalker Assassin)             Turns: 551, Time: 00:00:57

Health: 0/18       AC:  3    Str: 13    XL:     3   Next: 31%
Magic:  3/4        EV: 11    Int: 11    God:
Gold:   91         SH:  0    Dex: 16    Spells: 2/2 levels left

rFire    x . .     SeeInvis .   a - +2 dagger
rCold    + . .     Gourm    .   (no shield)
rNeg     . . .     Faith    .   c - +0 robe
rPois    .         Spirit   +   (no helmet)
rElec    .         Reflect  .   d - +0 cloak
rCorr    .         Harm     .   (no gloves)
MR       .....                  (no boots)
Stlth    +++.......             (no amulet)
HPRegen  0.06/turn              l - ring of ice
MPRegen  0.09/turn              (no ring)

@: lethally poisoned (0 -> -10)
A: fangs 2, magic shield, antimagic bite, no potion heal 3, rot immunity
a: no special abilities


You were on level 2 of the Dungeon.
You were not hungry.

You visited 1 branch of the dungeon, and saw 2 of its levels.

You collected 91 gold pieces.

Inventory:

Hand Weapons
 a - a +2 dagger (weapon)
 b - a +0 blowgun
Missiles
 e - 8 poisoned needles
 f - 2 curare-tipped needles
Armour
 c - a +0 robe (worn)
 d - a +0 cloak (worn)
Jewellery
 l - a ring of ice (left hand)
Scrolls
 h - 2 scrolls of identify
 i - a scroll of fog
 j - a scroll of blinking {unknown}
 m - a scroll of magic mapping {unknown}
Potions
 k - 2 potions of brilliance {unknown}
 n - a potion of berserk rage {unknown}
Comestibles
 g - 3 rations


   Skills:
 + Level 1.9 Fighting
 + Level 2.1 Short Blades
 + Level 1.7 Throwing
 + Level 0.7 Dodging
 + Level 6.0 Stealth


You had 2 spell levels left.
You didn't know any spells.
Your spell library was empty.

Dungeon Overview and Level Annotations

Branches:
Dungeon (2/15)

Altars:


Innate Abilities, Weirdness & Mutations

You have extremely sharp teeth.
When hurt, damage is shared between your health and your magic reserves.
Your bite disrupts and absorbs the magic of your enemies.
Potions cannot restore your health.
You are immune to rotting.


Message History

* * * LOW HITPOINT WARNING * * *
You feel sick. The adder bites you.
* * * LOW HITPOINT WARNING * * *
The goblin misses you. The adder barely misses you.
You barely miss the goblin. You bite the goblin. You drain its power.
You feel invigorated.
The goblin is heavily wounded.
The adder closely misses you. x2
The goblin hits you with a cursed +0 club.
You closely miss the goblin. Your bite misses the goblin.
The goblin is heavily wounded.
The adder barely misses you. The adder closely misses you.
The goblin hits you but does no damage. The adder bites you.
* * * LOW HITPOINT WARNING * * *
You are more poisoned.
The adder poisons you!
You hit the adder. You bite the adder. You drain its power.
You feel invigorated.
The adder is severely wounded.
You die...

.. #....#... #.#
.. ..... #.# ..
...###.# # ...#.#
# #####.#.# #
#.......# #
#.#...### #
#.##########
#..S@g......
........S#######.
####.#.....
#.#...#... #
#.#.##### #....
#.#.## #.#.#


You could see 2 adders and a goblin.

Vanquished Creatures
  A dart slug (D:1)
  A worm (D:2)
  A leopard gecko (D:1)
  4 goblins
  5 hobgoblins
  2 jackals (D:2)
  4 kobolds
  A quokka (D:2)
  A ball python (D:1)
  3 bats
  A frilled lizard (D:1)
  2 rats
26 creatures vanquished.

Notes
Turn   | Place    | Note
-------+----------+-------------------------------------------
     0 | D:1      | Kairos the Vine Stalker Assassin began the quest for the
                  | Orb.
     0 | D:1      | Reached XP level 1. HP: 11/11 MP: 2/2
     6 | D:1      | Reached skill level 5 in Stealth
   118 | D:1      | Reached XP level 2. HP: 11/15 MP: 3/3
   403 | D:2      | Reached XP level 3. HP: 16/18 MP: 4/4
   461 | D:2      | Reached skill level 6 in Stealth
   551 | D:2      | Succumbed to an adder's poison

Skill      XL: |  1  2  3 |
---------------+----------+-----
Stealth        | 5 6 |  6.0
Short Blades   | 2 |  2.1
Fighting       | |  1.9
Throwing       | |  1.7
Dodging        | |  0.7

Action                   || total
-------------------------++-------
Melee: Dagger            ||    84
       Bite              ||    22
  Use: Scroll            ||     3
 Stab: Sleeping          ||     4
Armor: Robe              ||    24
Dodge: Dodged            ||    55
